[ AOE2 MATCH · #495576226 ]
UnrankedPersians vs Poles
[ REPLAY ANALYSIS · EXTRACTED FROM THE RECORDED GAME ]
Feudal
9:18
Castle
24:38
Imperial
—
| APM avg | 46.4 |
| APM peak | 94 |
| eAPM avg | 22.4 |
| Villagers / military | 87 / 70 |
Focus
⚔️ 36.2% · 🌾 63.8%
Knight ×23 · Scout Cavalry ×21 · Camel Scout ×17 · Spearman ×5 · Militia ×3 · Monk ×1
Feudal
9:16
Castle
21:50
Imperial
—
| APM avg | 34.3 |
| APM peak | 72 |
| eAPM avg | 18.7 |
| Villagers / military | 78 / 44 |
Focus
⚔️ 31.8% · 🌾 68.2%
Knight ×24 · Spearman ×10 · Scout Cavalry ×8 · Monk ×2
Feudal
9:21
Castle
21:39
Imperial
—
| APM avg | 49.1 |
| APM peak | 95 |
| eAPM avg | 24.9 |
| Villagers / military | 89 / 43 |
Focus
⚔️ 15.0% · 🌾 85.0%
Skirmisher ×27 · Archer ×13 · Spearman ×2 · Mangonel ×1
Feudal
9:22
Castle
20:06
Imperial
—
| APM avg | 36.2 |
| APM peak | 84 |
| eAPM avg | 18.3 |
| Villagers / military | 98 / 95 |
Focus
⚔️ 35.7% · 🌾 64.3%
Archer ×93 · Mangonel ×2
Match map
Initial resources + every placement click. Lines = walls · curves = elevation contours. ◆ gold · ⬟ stone · ● berries · ✦ relic · ◌ wall gap
Your base· ✓ Closed at 24:38 · 33t walls · 1 gate(s)
Massimo Rispetto's base· ✓ Closed at 21:50 · 64t walls · no gate
Pane Fresco's base· ✓ Closed at 21:39 · 44t walls · no gate
LRNI_robotech's base· ✓ Closed at 20:06 · 46t walls · 1 gate(s)
Smoothed initial terrain · ◌ = detected wall gap · hover for details
Inputs per minute
— LRNI MarinM - - Massimo Rispetto
Build order — LRNI MarinM
First 150 of 274 actions detected
| 0:01 | Create | Villager (Male) |
| 0:01 | Create | Villager (Male) |
| 0:01 | Create | Villager (Male) |
| 0:02 | Build | House |
| 0:04 | Build | House |
| 0:18 | Create | Villager (Male) |
| 0:18 | Create | Villager (Male) |
| 1:21 | Create | Villager (Male) |
| 1:44 | Build | Lumber Camp |
| 1:59 | Create | Villager (Male) |
| 2:19 | Create | Villager (Male) |
| 2:51 | Create | Villager (Male) |
| 3:06 | Create | Villager (Male) |
| 3:40 | Create | Villager (Male) |
| 3:46 | Build | House |
| 4:01 | Create | Villager (Male) |
| 4:29 | Build | Mill |
| 4:47 | Create | Villager (Male) |
| 4:47 | Create | Villager (Male) |
| 4:59 | Create | Villager (Male) |
| 5:08 | Create | Villager (Male) |
| 5:41 | Create | Villager (Male) |
| 6:00 | Create | Villager (Male) |
| 6:04 | Research | Loom |
| 6:20 | Build | Barracks |
| 6:58 | Build | House |
| 7:10 | Create | Villager (Male) |
| 7:10 | Create | Villager (Male) |
| 7:14 | Research | Feudal Age |
| 7:19 | Create | Militia |
| 7:20 | Create | Militia |
| 7:20 | Create | Militia |
| 7:35 | Build | House |
| 8:59 | Create | Villager (Male) |
| 9:18 | Age | Feudal Age |
| 9:23 | Create | Villager (Male) |
| 9:28 | Research | Double-Bit Axe |
| 9:37 | Create | Spearman |
| 9:53 | Create | Villager (Male) |
| 10:08 | Create | Villager (Male) |
| 10:25 | Build | Lumber Camp |
| 10:43 | Create | Villager (Male) |
| 10:45 | Build | House |
| 11:12 | Create | Villager (Male) |
| 11:12 | Create | Villager (Male) |
| 11:14 | Build | Farm |
| 11:37 | Build | Farm |
| 11:43 | Build | Stable |
| 11:51 | Create | Villager (Male) |
| 12:04 | Build | Blacksmith |
| 12:15 | Create | Villager (Male) |
| 12:27 | Build | House |
| 12:32 | Create | Villager (Male) |
| 12:37 | Build | Farm |
| 12:39 | Research | Horse Collar |
| 12:46 | Build | Palisade Wall |
| 12:49 | Build | Palisade Gate |
| 12:51 | Create | Villager (Male) |
| 12:53 | Build | Farm |
| 12:56 | Create | Scout Cavalry |
| 12:56 | Create | Scout Cavalry |
| 12:56 | Create | Scout Cavalry |
| 12:58 | Research | Scale Barding Armor |
| 13:04 | Create | Spearman |
| 13:13 | Create | Spearman |
| 13:22 | Build | Farm |
| 13:26 | Build | Palisade Wall |
| 13:30 | Build | House |
| 13:32 | Build | Palisade Wall |
| 13:35 | Create | Villager (Male) |
| 13:36 | Create | Villager (Male) |
| 13:40 | Build | Farm |
| 13:40 | Build | Farm |
| 13:47 | Build | Farm |
| 13:48 | Build | Farm |
| 13:57 | Build | Farm |
| 13:59 | Create | Villager (Male) |
| 14:20 | Build | Palisade Wall |
| 14:24 | Build | Palisade Wall |
| 14:28 | Build | Farm |
| 14:28 | Build | Farm |
| 14:28 | Build | Farm |
| 14:29 | Build | Farm |
| 14:29 | Build | Farm |
| 14:29 | Build | Farm |
| 14:30 | Create | Villager (Male) |
| 14:36 | Create | Scout Cavalry |
| 14:36 | Create | Scout Cavalry |
| 14:42 | Build | Farm |
| 14:52 | Build | Farm |
| 14:54 | Create | Villager (Male) |
| 15:11 | Build | House |
| 15:12 | Build | House |
| 15:20 | Create | Scout Cavalry |
| 15:20 | Create | Scout Cavalry |
| 15:26 | Build | Farm |
| 15:30 | Build | Farm |
| 15:43 | Create | Villager (Male) |
| 15:43 | Create | Villager (Male) |
| 15:47 | Create | Villager (Male) |
| 15:50 | Build | Mining Camp |
| 16:00 | Build | Stable |
| 16:09 | Build | House |
| 16:16 | Create | Scout Cavalry |
| 16:16 | Create | Scout Cavalry |
| 16:29 | Build | Farm |
| 16:30 | Create | Villager (Male) |
| 16:59 | Research | Forging |
| 17:02 | Create | Villager (Male) |
| 17:10 | Build | Farm |
| 17:10 | Build | Farm |
| 17:11 | Build | Farm |
| 17:20 | Research | Wheelbarrow |
| 17:20 | Research | Wheelbarrow |
| 17:38 | Create | Villager (Male) |
| 17:41 | Build | Farm |
| 17:41 | Build | Farm |
| 17:41 | Build | Farm |
| 17:42 | Build | Farm |
| 17:42 | Build | Farm |
| 17:55 | Create | Scout Cavalry |
| 18:01 | Create | Villager (Male) |
| 18:23 | Research | Bloodlines |
| 18:23 | Research | Bloodlines |
| 18:55 | Create | Scout Cavalry |
| 18:55 | Create | Scout Cavalry |
| 19:10 | Create | Villager (Male) |
| 19:15 | Create | Scout Cavalry |
| 19:25 | Create | Villager (Male) |
| 19:33 | Create | Scout Cavalry |
| 19:33 | Create | Scout Cavalry |
| 19:34 | Create | Scout Cavalry |
| 19:47 | Build | Market |
| 19:58 | Build | Farm |
| 19:59 | Create | Villager (Male) |
| 20:05 | Build | Farm |
| 20:06 | Build | Farm |
| 20:15 | Create | Scout Cavalry |
| 20:15 | Create | Scout Cavalry |
| 20:15 | Create | Scout Cavalry |
| 20:27 | Build | Farm |
| 20:30 | Build | Farm |
| 20:30 | Build | Farm |
| 20:30 | Build | Farm |
| 20:33 | Create | Villager (Male) |
| 20:40 | Build | Stable |
| 20:44 | Build | Stable |
| 20:45 | Create | Villager (Male) |
| 21:13 | Create | Scout Cavalry |
| 21:13 | Create | Scout Cavalry |
Build order — Massimo Rispetto
First 150 of 231 actions detected
| 0:00 | Create | Villager (Male) |
| 0:01 | Create | Villager (Male) |
| 0:01 | Create | Villager (Male) |
| 0:02 | Build | House |
| 0:05 | Build | House |
| 1:01 | Create | Villager (Male) |
| 1:25 | Create | Villager (Male) |
| 1:51 | Build | Lumber Camp |
| 1:59 | Create | Villager (Male) |
| 2:13 | Create | Villager (Male) |
| 2:38 | Create | Villager (Male) |
| 3:03 | Create | Villager (Male) |
| 3:34 | Create | Villager (Male) |
| 3:53 | Build | House |
| 3:54 | Build | House |
| 4:01 | Create | Villager (Male) |
| 4:20 | Build | Mill |
| 4:24 | Create | Villager (Male) |
| 4:24 | Create | Villager (Male) |
| 5:15 | Create | Villager (Male) |
| 5:16 | Create | Villager (Male) |
| 5:59 | Create | Villager (Male) |
| 6:16 | Research | Loom |
| 7:06 | Research | Feudal Age |
| 7:52 | Build | Barracks |
| 7:57 | Build | House |
| 8:08 | Create | Villager (Male) |
| 8:54 | Build | Palisade Wall |
| 9:16 | Age | Feudal Age |
| 9:23 | Create | Villager (Male) |
| 9:38 | Research | Double-Bit Axe |
| 9:42 | Build | Stable |
| 9:54 | Build | House |
| 9:58 | Build | Farm |
| 10:00 | Build | Farm |
| 10:03 | Create | Villager (Male) |
| 10:08 | Build | Palisade Wall |
| 10:20 | Create | Spearman |
| 10:24 | Build | Palisade Wall |
| 10:29 | Build | Palisade Wall |
| 10:30 | Build | Palisade Wall |
| 10:34 | Build | Palisade Wall |
| 10:35 | Build | Palisade Wall |
| 10:46 | Create | Villager (Male) |
| 10:48 | Create | Scout Cavalry |
| 10:48 | Create | Scout Cavalry |
| 11:02 | Create | Villager (Male) |
| 11:03 | Create | Villager (Male) |
| 11:04 | Create | Scout Cavalry |
| 11:27 | Create | Villager (Male) |
| 11:27 | Create | Villager (Male) |
| 11:47 | Build | Palisade Wall |
| 11:47 | Build | Palisade Wall |
| 11:48 | Build | Palisade Wall |
| 11:55 | Create | Villager (Male) |
| 12:00 | Build | House |
| 12:00 | Build | Palisade Wall |
| 12:04 | Build | Farm |
| 12:05 | Build | Farm |
| 12:05 | Build | Farm |
| 12:05 | Build | Farm |
| 12:12 | Create | Villager (Male) |
| 12:15 | Build | House |
| 12:30 | Create | Scout Cavalry |
| 12:35 | Build | Farm |
| 12:40 | Build | Palisade Wall |
| 12:49 | Create | Villager (Male) |
| 13:11 | Create | Villager (Male) |
| 13:15 | Build | Farm |
| 13:15 | Build | Farm |
| 13:16 | Build | Farm |
| 13:16 | Build | Farm |
| 13:25 | Build | Farm |
| 13:28 | Build | Farm |
| 13:29 | Create | Villager (Male) |
| 13:41 | Build | Farm |
| 13:44 | Build | Farm |
| 13:48 | Create | Villager (Male) |
| 13:54 | Create | Scout Cavalry |
| 13:55 | Create | Scout Cavalry |
| 14:04 | Build | Farm |
| 14:10 | Build | Farm |
| 14:16 | Build | House |
| 14:23 | Build | Palisade Wall |
| 14:25 | Create | Villager (Male) |
| 14:31 | Research | Horse Collar |
| 14:40 | Create | Villager (Male) |
| 15:12 | Create | Spearman |
| 15:22 | Create | Scout Cavalry |
| 15:22 | Create | Scout Cavalry |
| 15:28 | Build | Farm |
| 15:37 | Build | Blacksmith |
| 15:43 | Create | Villager (Male) |
| 15:43 | Create | Villager (Male) |
| 15:47 | Build | Mining Camp |
| 16:06 | Create | Spearman |
| 16:20 | Build | Palisade Wall |
| 16:21 | Build | Palisade Wall |
| 16:34 | Create | Villager (Male) |
| 16:34 | Create | Villager (Male) |
| 17:06 | Build | House |
| 17:07 | Create | Spearman |
| 17:12 | Create | Villager (Male) |
| 17:15 | Build | Farm |
| 17:17 | Build | Farm |
| 17:18 | Create | Villager (Male) |
| 17:24 | Build | Stable |
| 17:28 | Create | Villager (Male) |
| 17:59 | Build | House |
| 18:06 | Build | Palisade Wall |
| 18:09 | Build | Palisade Wall |
| 18:21 | Create | Spearman |
| 18:21 | Create | Spearman |
| 18:28 | Create | Villager (Male) |
| 18:49 | Build | Palisade Wall |
| 19:10 | Research | Castle Age |
| 19:11 | Create | Villager (Male) |
| 19:26 | Create | Villager (Male) |
| 19:26 | Create | Villager (Male) |
| 19:44 | Build | House |
| 19:48 | Build | Palisade Wall |
| 20:01 | Build | House |
| 20:04 | Research | Scale Barding Armor |
| 20:05 | Research | Bloodlines |
| 20:30 | Build | House |
| 20:38 | Research | Forging |
| 20:43 | Build | Stable |
| 20:45 | Build | Lumber Camp |
| 21:09 | Build | House |
| 21:50 | Age | Castle Age |
| 21:50 | Build | House |
| 21:53 | Create | Knight |
| 21:53 | Create | Knight |
| 21:53 | Create | Knight |
| 21:54 | Create | Knight |
| 22:18 | Create | Knight |
| 22:19 | Create | Knight |
| 22:20 | Create | Villager (Male) |
| 22:39 | Create | Villager (Male) |
| 22:42 | Research | Bow Saw |
| 22:43 | Research | Heavy Plow |
| 22:52 | Build | House |
| 22:57 | Create | Knight |
| 22:57 | Create | Knight |
| 23:07 | Build | House |
| 23:12 | Build | Palisade Wall |
| 23:20 | Create | Knight |
| 23:20 | Create | Knight |
| 23:26 | Build | Palisade Gate |
| 23:27 | Build | Palisade Wall |
Build order — Pane Fresco
First 150 of 225 actions detected
| 0:00 | Create | Villager (Male) |
| 0:01 | Create | Villager (Male) |
| 0:01 | Create | Villager (Male) |
| 0:01 | Create | Villager (Male) |
| 0:02 | Create | Villager (Male) |
| 0:03 | Build | House |
| 0:04 | Build | House |
| 1:30 | Create | Villager (Male) |
| 1:30 | Create | Villager (Male) |
| 1:48 | Build | Lumber Camp |
| 2:04 | Create | Villager (Male) |
| 2:18 | Create | Villager (Male) |
| 2:18 | Create | Villager (Male) |
| 2:35 | Build | House |
| 2:52 | Create | Villager (Male) |
| 2:52 | Create | Villager (Male) |
| 3:10 | Create | Villager (Male) |
| 3:11 | Create | Villager (Male) |
| 3:42 | Create | Villager (Male) |
| 3:42 | Create | Villager (Male) |
| 4:08 | Create | Villager (Male) |
| 4:08 | Create | Villager (Male) |
| 4:38 | Create | Villager (Male) |
| 4:41 | Build | Mill |
| 4:44 | Create | Villager (Male) |
| 4:45 | Create | Villager (Male) |
| 5:01 | Create | Villager (Male) |
| 5:52 | Create | Villager (Male) |
| 6:09 | Create | Villager (Male) |
| 6:10 | Research | Loom |
| 6:51 | Build | Barracks |
| 7:11 | Research | Feudal Age |
| 8:02 | Create | Villager (Male) |
| 8:02 | Create | Villager (Male) |
| 8:08 | Build | House |
| 8:15 | Build | Mining Camp |
| 9:14 | Create | Villager (Male) |
| 9:21 | Age | Feudal Age |
| 9:25 | Build | Archery Range |
| 9:27 | Research | Double-Bit Axe |
| 10:01 | Build | Palisade Wall |
| 10:04 | Build | House |
| 10:11 | Create | Archer |
| 10:12 | Create | Archer |
| 10:18 | Build | Blacksmith |
| 10:25 | Build | Palisade Wall |
| 10:34 | Build | Farm |
| 10:48 | Create | Villager (Male) |
| 10:49 | Create | Villager (Male) |
| 11:10 | Create | Archer |
| 11:10 | Create | Archer |
| 11:16 | Build | Palisade Wall |
| 11:30 | Create | Archer |
| 11:34 | Build | House |
| 11:37 | Create | Spearman |
| 11:50 | Create | Villager (Male) |
| 11:53 | Build | Farm |
| 11:53 | Build | Farm |
| 12:00 | Build | Farm |
| 12:02 | Create | Archer |
| 12:03 | Create | Villager (Male) |
| 12:11 | Create | Spearman |
| 12:15 | Build | House |
| 12:21 | Build | Farm |
| 12:32 | Build | Palisade Wall |
| 12:33 | Build | Palisade Wall |
| 12:35 | Build | Palisade Wall |
| 12:36 | Create | Villager (Male) |
| 12:47 | Create | Archer |
| 12:47 | Create | Villager (Male) |
| 13:03 | Build | House |
| 13:07 | Build | Palisade Wall |
| 13:10 | Create | Villager (Male) |
| 13:13 | Create | Archer |
| 13:19 | Build | Farm |
| 13:30 | Build | House |
| 13:35 | Create | Villager (Male) |
| 13:40 | Build | Farm |
| 13:52 | Create | Archer |
| 13:56 | Create | Villager (Male) |
| 14:05 | Build | Farm |
| 14:12 | Build | Palisade Wall |
| 14:17 | Create | Villager (Male) |
| 14:17 | Create | Villager (Male) |
| 14:22 | Research | Fletching |
| 14:26 | Create | Archer |
| 14:40 | Build | House |
| 14:55 | Create | Villager (Male) |
| 14:57 | Build | Farm |
| 15:02 | Build | Farm |
| 15:13 | Build | House |
| 15:16 | Build | House |
| 15:20 | Create | Villager (Male) |
| 15:22 | Create | Archer |
| 15:34 | Create | Skirmisher |
| 15:34 | Create | Skirmisher |
| 15:49 | Create | Villager (Male) |
| 15:56 | Build | Farm |
| 15:59 | Build | Farm |
| 16:07 | Create | Villager (Male) |
| 16:09 | Build | Farm |
| 16:20 | Build | Palisade Wall |
| 16:26 | Create | Villager (Male) |
| 16:34 | Create | Skirmisher |
| 16:35 | Create | Villager (Male) |
| 16:51 | Create | Villager (Male) |
| 17:00 | Build | Farm |
| 17:02 | Build | House |
| 17:05 | Build | House |
| 17:09 | Create | Villager (Male) |
| 17:23 | Create | Skirmisher |
| 17:24 | Create | Villager (Male) |
| 17:28 | Build | Farm |
| 17:43 | Create | Villager (Male) |
| 17:46 | Build | House |
| 17:48 | Build | House |
| 17:57 | Create | Skirmisher |
| 18:21 | Build | Farm |
| 18:30 | Create | Skirmisher |
| 18:59 | Research | Castle Age |
| 18:59 | Research | Castle Age |
| 19:13 | Create | Villager (Male) |
| 19:16 | Create | Archer |
| 19:16 | Create | Archer |
| 19:28 | Create | Villager (Male) |
| 19:31 | Build | Farm |
| 19:37 | Create | Skirmisher |
| 19:45 | Create | Villager (Male) |
| 20:00 | Create | Skirmisher |
| 20:05 | Build | Archery Range |
| 20:07 | Research | Horse Collar |
| 20:22 | Create | Villager (Male) |
| 20:25 | Create | Skirmisher |
| 20:25 | Create | Skirmisher |
| 20:31 | Research | Padded Archer Armor |
| 20:37 | Create | Villager (Male) |
| 20:50 | Build | Lumber Camp |
| 20:58 | Create | Skirmisher |
| 20:58 | Create | Skirmisher |
| 21:11 | Build | House |
| 21:13 | Build | House |
| 21:15 | Build | House |
| 21:39 | Age | Castle Age |
| 21:55 | Build | Farm |
| 21:55 | Build | Farm |
| 21:55 | Build | Farm |
| 22:07 | Research | Elite Skirmisher (upgrade) |
| 22:10 | Research | Bodkin Arrow |
| 22:11 | Research | Leather Archer Armor |
| 22:25 | Create | Villager (Male) |
Build order — LRNI_robotech
First 150 of 224 actions detected
| 0:00 | Create | Villager (Male) |
| 0:01 | Create | Villager (Male) |
| 0:02 | Build | House |
| 0:03 | Build | House |
| 0:03 | Create | Villager (Male) |
| 0:10 | Create | Villager (Male) |
| 0:10 | Create | Villager (Male) |
| 1:23 | Create | Villager (Male) |
| 1:55 | Build | Lumber Camp |
| 2:01 | Create | Villager (Male) |
| 2:18 | Create | Villager (Male) |
| 2:49 | Create | Villager (Male) |
| 3:04 | Create | Villager (Male) |
| 3:04 | Create | Villager (Male) |
| 3:15 | Build | House |
| 3:17 | Build | House |
| 3:42 | Create | Villager (Male) |
| 3:43 | Create | Villager (Male) |
| 3:43 | Create | Villager (Male) |
| 4:25 | Create | Villager (Male) |
| 4:29 | Build | Mill |
| 4:30 | Create | Villager (Male) |
| 4:31 | Create | Villager (Male) |
| 5:13 | Create | Villager (Male) |
| 5:13 | Create | Villager (Male) |
| 5:18 | Create | Villager (Male) |
| 5:54 | Create | Villager (Male) |
| 5:54 | Create | Villager (Male) |
| 6:24 | Research | Loom |
| 6:50 | Build | Barracks |
| 7:12 | Research | Feudal Age |
| 7:56 | Build | Lumber Camp |
| 9:05 | Build | Mining Camp |
| 9:14 | Create | Villager (Male) |
| 9:15 | Create | Villager (Male) |
| 9:22 | Age | Feudal Age |
| 9:24 | Create | Villager (Male) |
| 9:34 | Build | Archery Range |
| 9:43 | Research | Double-Bit Axe |
| 9:44 | Create | Villager (Male) |
| 9:52 | Create | Villager (Male) |
| 9:55 | Build | House |
| 10:21 | Create | Villager (Male) |
| 10:28 | Create | Archer |
| 10:28 | Create | Archer |
| 10:32 | Build | Blacksmith |
| 10:57 | Create | Villager (Male) |
| 11:00 | Build | Farm |
| 11:01 | Build | Farm |
| 11:02 | Create | Villager (Male) |
| 11:07 | Create | Archer |
| 11:10 | Build | House |
| 11:20 | Create | Villager (Male) |
| 11:26 | Build | House |
| 11:34 | Build | Farm |
| 11:41 | Create | Villager (Male) |
| 11:54 | Create | Archer |
| 11:59 | Build | House |
| 12:10 | Research | Fletching |
| 12:14 | Build | Palisade Wall |
| 12:24 | Build | Farm |
| 12:25 | Create | Villager (Male) |
| 12:30 | Create | Archer |
| 12:40 | Build | Palisade Wall |
| 12:41 | Create | Villager (Male) |
| 12:44 | Build | House |
| 12:48 | Build | Farm |
| 12:51 | Create | Archer |
| 13:02 | Create | Villager (Male) |
| 13:10 | Build | Farm |
| 13:12 | Create | Villager (Male) |
| 13:12 | Create | Villager (Male) |
| 13:16 | Build | House |
| 13:23 | Create | Archer |
| 13:35 | Build | Farm |
| 13:42 | Build | House |
| 13:44 | Create | Villager (Male) |
| 13:45 | Create | Villager (Male) |
| 13:47 | Build | Palisade Wall |
| 13:50 | Create | Archer |
| 14:00 | Build | Farm |
| 14:01 | Create | Villager (Male) |
| 14:10 | Create | Villager (Male) |
| 14:17 | Build | Palisade Wall |
| 14:25 | Create | Archer |
| 14:28 | Create | Villager (Male) |
| 14:31 | Build | Farm |
| 14:33 | Create | Villager (Male) |
| 14:34 | Create | Villager (Male) |
| 14:54 | Build | House |
| 14:59 | Create | Villager (Male) |
| 15:01 | Build | Farm |
| 15:10 | Build | Palisade Wall |
| 15:15 | Create | Archer |
| 15:20 | Build | Farm |
| 15:43 | Build | Archery Range |
| 15:57 | Build | Farm |
| 16:04 | Create | Archer |
| 16:15 | Build | Palisade Wall |
| 16:23 | Build | Farm |
| 16:26 | Create | Villager (Male) |
| 16:41 | Create | Archer |
| 16:48 | Build | Palisade Gate |
| 17:26 | Research | Castle Age |
| 17:57 | Build | House |
| 18:01 | Create | Archer |
| 18:01 | Create | Archer |
| 18:08 | Research | Gold Mining |
| 18:09 | Research | Horse Collar |
| 18:26 | Create | Archer ×2 |
| 18:26 | Create | Archer ×2 |
| 18:40 | Build | House |
| 18:57 | Build | Lumber Camp |
| 19:31 | Create | Archer ×4 |
| 19:33 | Create | Villager (Male) |
| 19:33 | Create | Villager (Male) |
| 19:50 | Create | Villager (Male) |
| 20:06 | Age | Castle Age |
| 20:07 | Research | Crossbowman (upgrade) |
| 20:15 | Research | Bodkin Arrow |
| 20:17 | Create | Archer ×2 |
| 20:19 | Create | Villager (Male) |
| 20:24 | Build | Town Center |
| 20:34 | Create | Villager (Male) |
| 20:37 | Build | Farm |
| 20:38 | Create | Villager (Male) |
| 20:39 | Create | Villager (Male) |
| 20:54 | Create | Archer ×4 |
| 20:55 | Create | Archer ×4 |
| 21:14 | Research | Thumb Ring |
| 21:44 | Create | Villager (Male) |
| 21:45 | Create | Villager (Male) |
| 21:53 | Research | Bow Saw |
| 22:05 | Create | Villager (Male) |
| 22:05 | Create | Villager (Male) |
| 22:19 | Create | Villager (Male) |
| 22:19 | Create | Villager (Male) |
| 22:33 | Create | Villager (Male) |
| 22:34 | Create | Villager (Male) |
| 23:24 | Create | Archer ×5 |
| 23:24 | Create | Archer ×5 |
| 23:25 | Create | Villager (Male) |
| 23:25 | Create | Villager (Male) |
| 23:54 | Create | Villager (Male) |
| 23:56 | Create | Archer ×5 |
| 23:56 | Create | Archer ×5 |
| 24:07 | Create | Villager (Male) |
| 24:07 | Create | Villager (Male) |
| 24:14 | Build | House |
| 24:19 | Build | Siege Workshop |
Match timeline
| 6:20 | LRNI MarinM · first_building Barracks |
| 6:50 | LRNI_robotech · first_building Barracks |
| 6:51 | Pane Fresco · first_building Barracks |
| 7:52 | Massimo Rispetto · first_building Barracks |
| 8:54 | Massimo Rispetto · wall_segment Palisade Wall x1 |
| 9:16 | Massimo Rispetto · age_up feudal |
| 9:18 | LRNI MarinM · age_up feudal |
| 9:21 | Pane Fresco · age_up feudal |
| 9:22 | LRNI_robotech · age_up feudal |
| 9:25 | Pane Fresco · first_building Archery Range |
| 9:34 | LRNI_robotech · first_building Archery Range |
| 9:42 | Massimo Rispetto · first_building Stable |
| 10:01 | Pane Fresco · wall_segment Palisade Wall x3 |
| 10:08 | Massimo Rispetto · wall_segment Palisade Wall x7 |
| 10:24 | Massimo Rispetto · wall_segment Palisade Wall x1 |
| 10:25 | Pane Fresco · wall_segment Palisade Wall x3 |
| 10:29 | Massimo Rispetto · wall_segment Palisade Wall x1 |
| 10:30 | Massimo Rispetto · wall_segment Palisade Wall x1 |
| 10:34 | Massimo Rispetto · wall_segment Palisade Wall x1 |
| 10:35 | Massimo Rispetto · wall_segment Palisade Wall x1 |
| 11:16 | Pane Fresco · wall_segment Palisade Wall x7 |
| 11:43 | LRNI MarinM · first_building Stable |
| 11:47 | Massimo Rispetto · wall_segment Palisade Wall x1 |
| 11:47 | Massimo Rispetto · wall_segment Palisade Wall x1 |
| 11:48 | Massimo Rispetto · wall_segment Palisade Wall x1 |
| 12:00 | Massimo Rispetto · wall_segment Palisade Wall x8 |
| 12:14 | LRNI_robotech · wall_segment Palisade Wall x5 |
| 12:32 | Pane Fresco · wall_segment Palisade Wall x1 |
| 12:33 | Pane Fresco · wall_segment Palisade Wall x1 |
| 12:35 | Pane Fresco · wall_segment Palisade Wall x6 |
| 12:40 | LRNI_robotech · wall_segment Palisade Wall x7 |
| 12:40 | Massimo Rispetto · wall_segment Palisade Wall x13 |
| 12:46 | LRNI MarinM · wall_segment Palisade Wall x5 |
| 13:07 | Pane Fresco · wall_segment Palisade Wall x9 |
| 13:26 | LRNI MarinM · wall_segment Palisade Wall x6 |
| 13:32 | LRNI MarinM · wall_segment Palisade Wall x5 |
| 13:47 | LRNI_robotech · wall_segment Palisade Wall x8 |
| 14:12 | Pane Fresco · wall_segment Palisade Wall x8 |
| 14:17 | LRNI_robotech · wall_segment Palisade Wall x13 |
| 14:20 | LRNI MarinM · wall_segment Palisade Wall x4 |
| 14:23 | Massimo Rispetto · wall_segment Palisade Wall x5 |
| 14:24 | LRNI MarinM · wall_segment Palisade Wall x13 |
| 15:10 | LRNI_robotech · wall_segment Palisade Wall x4 |
| 16:15 | LRNI_robotech · wall_segment Palisade Wall x9 |
| 16:20 | Massimo Rispetto · wall_segment Palisade Wall x1 |
| 16:20 | Pane Fresco · wall_segment Palisade Wall x6 |
| 16:21 | Massimo Rispetto · wall_segment Palisade Wall x1 |
| 18:06 | Massimo Rispetto · wall_segment Palisade Wall x6 |
| 18:09 | Massimo Rispetto · wall_segment Palisade Wall x6 |
| 18:49 | Massimo Rispetto · wall_segment Palisade Wall x1 |
| 19:48 | Massimo Rispetto · wall_segment Palisade Wall x7 |
| 20:06 | LRNI_robotech · age_up castle |
| 21:39 | Pane Fresco · age_up castle |
| 21:50 | Massimo Rispetto · age_up castle |
| 22:03 | LRNI MarinM · first_market_buy 100 food |
| 22:04 | LRNI MarinM · first_market_sell 100 wood |
| 23:12 | Massimo Rispetto · wall_segment Palisade Wall x1 |
| 23:27 | Massimo Rispetto · wall_segment Palisade Wall x1 |
| 24:19 | LRNI_robotech · first_building Siege Workshop |
| 24:38 | LRNI MarinM · age_up castle |
| 25:20 | LRNI MarinM · wall_segment Palisade Wall x3 |
| 26:18 | Pane Fresco · first_building Siege Workshop |
| 27:01 | Massimo Rispetto · first_market_sell 100 wood |
| 27:20 | Massimo Rispetto · first_building Monastery |
| 27:46 | Pane Fresco · first_market_buy 100 wood |
| 28:06 | Pane Fresco · wall_segment Palisade Wall x1 |
| 28:17 | LRNI MarinM · first_building Monastery |
| 29:17 | LRNI_robotech · first_building Monastery |
| 29:38 | Pane Fresco · first_building Castle |
| 31:05 | LRNI_robotech · first_building Castle |
| 31:10 | Massimo Rispetto · resign |
[ AI ANALYSIS · 1 CREDIT ]
What really happened in this match?
Wolo.gg analyzes every decision: build order, eco, micro, common mistakes by bracket. Personalized analysis on WhatsApp or Discord in 30 seconds.
Civ guide
Persians
Perfil
LRNI MarinM